 Dungeon Crawl Stone Soup version 0.17-a0-1572-g7a1422d (webtiles) character file.

109 karlkraus the Ducker (level 4, -5/40 HPs)
             Began as a Draconian Berserker on July 24, 2015.
             Was a Believer of Trog.
             Slain by karlkraus's ghost (14 damage)
             ... on level 3 of the Dungeon.
             The game lasted 00:05:26 (1882 turns).

karlkraus the Ducker (Draconian Berserker)          Turns: 1882, Time: 00:05:26

Health: -5/40      AC:  5    Str: 21    XL:     4   Next: 59%
Magic:  4/4        EV: 13    Int:  7    God:    Trog [**....]
Gold:   58         SH:  0    Dex: 10    Spells: 0 memorised, 3 levels left

rFire  . . .     SeeInvis .     a - +0 mace
rCold  . . .     Clarity  .     (armour unavailable)
rNeg   . . .     SustAt   .     (no shield)
rPois  .         Gourm    .     (helmet restricted)
rElec  .         Spirit   .     (no cloak)
rCorr  .         Warding  .     (no gloves)
rMut   .         Stasis   .     (no boots)
MR     .....                    (no amulet)
Stlth  +.........               (no ring)
                                (no ring)

@: not resistant to hostile enchantments, very unstealthy
A: unfitting armour, cold-blooded, AC +5
a: Burn Spellbooks, Berserk, Trog's Hand, Renounce Religion


You were on level 3 of the Dungeon.
You worshipped Trog.
Trog was pleased with you.
You were very hungry.

You visited 1 branch of the dungeon, and saw 3 of its levels.

You collected 58 gold pieces.

Inventory:

Hand weapons
 a - a +0 mace (weapon)
 m - a +0 flail
 o - a +0 mace
Jewellery
 h - an uncursed ring of fire {unknown}
 j - an uncursed amulet of stasis {unknown}
Scrolls
 d - 2 scrolls of identify {unknown}
 f - a scroll of recharging {unknown}
 n - a scroll of blinking {unknown}
Potions
 c - a potion of curing
 e - a potion of flight {unknown}
 i - a potion of lignification {unknown}
 l - a potion of brilliance {unknown}
Comestibles
 b - 4 bread rations
 g - a royal jelly
 k - a meat ration
 p - 5 fruits


   Skills:
 + Level 3.8 Fighting
 + Level 3.8 Maces & Flails
 + Level 4.0 Dodging
 + Level 0.4 Stealth


You had 3 spell levels left.
You didn't know any spells.

Dungeon Overview and Level Annotations

Branches:
Dungeon (3/15)

Altars:
Elyvilon
Yredelemnul

Annotations:
D:3 karlkraus's ghost, weakling FoFi


Innate Abilities, Weirdness & Mutations

Your plain brown scales are hard (AC +5).
Your body does not fit into most forms of armour.
You are cold-blooded and may be slowed by cold attacks.


Message History

Karlkraus's ghost hits you!
You hit karlkraus's ghost but do no damage.
Karlkraus's ghost is heavily damaged.
Karlkraus's ghost closely misses you.
You closely miss karlkraus's ghost.
Your tail-slap misses karlkraus's ghost.
Karlkraus's ghost is heavily damaged.
Karlkraus's ghost hits you.
* * * LOW HITPOINT WARNING * * *
Karlkraus's ghost says, "You can hit me, but you can't hurt me."
Karlkraus's ghost misses you.
You barely miss karlkraus's ghost.
Karlkraus's ghost is heavily damaged.
Karlkraus's ghost closely misses you.
You completely miss karlkraus's ghost.
Your tail-slap misses karlkraus's ghost.
Karlkraus's ghost is heavily damaged.
Karlkraus's ghost says, "You can hit me, but you can't hurt me."
Karlkraus's ghost hits you!
You die...

###### ###....## # .
##.......## #..
....######.........###.#
#(..W@....≈≈≈.........
....#####..≈≈≈≈≈..####.#
# #..≈≈♣≈≈..# #..
#..≈≈≈≈≈..# #..
♣...≈≈≈...♣ #..
♣♣.......♣♣ #..
♣♣.....♣♣ #.. ♣♣...♣♣
#.# ♣♣.....♣♣ #.#


You could see karlkraus's ghost.

Vanquished Creatures
  A worker ant (D:3)
  4 gnolls (D:2)
  An ooze (D:2)
  5 orcs (D:3)
  5 bats
  8 hobgoblins
  4 giant cockroaches
  A giant newt (D:1)
  2 goblins (D:2)
  A goblin zombie (D:2)
  5 kobolds
  A kobold zombie (D:2)
  3 rats
41 creatures vanquished.

Vanquished Creatures (others)
  A hobgoblin (D:2)
1 creature vanquished.

Grand Total: 42 creatures vanquished

Notes
Turn   | Place    | Note
--------------------------------------------------------------
     0 | D:1      | karlkraus the Draconian Berserker began the quest for the Orb.
     0 | D:1      | Reached XP level 1. HP: 19/19 MP: 1/1
   161 | D:1      | Reached XP level 2. HP: 23/26 MP: 2/2
   806 | D:2      | Acquired Trog's second power
   834 | D:2      | Noticed a human
   835 | D:2      | Found a runed door.
   839 | D:2      | Found a basalt altar of Yredelemnul.
   904 | D:2      | Reached XP level 3. HP: 29/31 MP: 3/3
  1083 | D:2      | Reached XP level 4. HP: 29/40 MP: 4/4
  1571 | D:3      | Reached skill level 4 in Dodging
  1841 | D:3      | Found a white marble altar of Elyvilon.
  1869 | D:3      | Noticed karlkraus's ghost (weakling FoFi)
  1882 | D:3      | Slain by karlkraus's ghost

Vault maps used:
D:1:      matt_arrival_refuge, serial_bayou_ford_a, minivault_23
D:2:      first_bread, glass_columns_b, dk_yredelemnul_ordeal
D:3:      grunt_dithmenos_smoke, eino_tiny_chamber, elyvilon_altar_3

Action                   |  1- 3 |  4- 6 || total
-------------------------+-------+-------++-------
Melee: Mace              |   100 |    36 ||   136
  Use: Potion            |       |     1 ||     1
 Stab: Sleeping          |       |     1 ||     1
  Eat: Chunk             |       |     2 ||     2
